 Dungeon Crawl Stone Soup version 0.16.2-2-g470672f (webtiles) character file.

178 Tegg the Sneak (level 5, -4/38 HPs)
             Began as a Vampire Assassin on Sept 3, 2015.
             Slain by an ogre
             ... wielding a +0 giant club
              (27 damage)
             ... on level 4 of the Dungeon.
             The game lasted 00:26:26 (3950 turns).

Tegg the Sneak (Vampire Assassin)                   Turns: 3950, Time: 00:26:27

Health: -4/38      AC:  5    Str: 16    XL:     5   Next: 32%
Magic:  5/5        EV: 11    Int: 13    God:
Gold:   140        SH:  0    Dex: 16    Spells: 0 memorised, 4 levels left

rFire  . . .     SeeInvis +     D - +0 war axe
rCold  . . .     Clarity  .     l - -2 ring mail (curse)
rNeg   . . .     SustAb   .     (no shield)
rPois  .         Gourm    .     (no helmet)
rElec  .         Spirit   .     d - +1 cloak
rCorr  .         Warding  .     (no gloves)
rMut   .         Stasis   .     (no boots)
MR     .....                    (no amulet)
Stlth  +++++.....               t - ring of stealth
                                q - +6 ring of strength

@: regenerating quickly, not resistant to hostile enchantments, quite stealthy
A: bottle blood, fangs 3, see invisible, unbreathing
a: no special abilities


You were on level 4 of the Dungeon.
You were full.

You visited 1 branch of the dungeon, and saw 4 of its levels.

You collected 140 gold pieces.

Inventory:

Hand weapons
 a - a +2 dagger
 b - a +0 blowgun
 s - a +0 dagger
 y - a +0 whip
 D - a +0 war axe (weapon)
 F - a +0 spear
Missiles
 e - 7 poisoned needles
 f - 2 curare-tipped needles
 k - 5 needles of confusion
 m - 3 needles of sleeping
 n - 73 stones (quivered)
 C - 18 bolts
Armour
 c - a +0 robe
 d - a +1 cloak (worn)
 l - a cursed -2 ring mail (worn)
Jewellery
 q - a +6 ring of strength (left hand)
 t - a ring of stealth (right hand)
 A - a +4 ring of strength
 E - a +2 ring of dexterity {unknown}
Magical devices
 x - a wand of random effects (19)
Scrolls
 h - 3 scrolls of identify
 v - a scroll of fog
 w - a scroll of teleportation
Potions
 g - 10 potions of blood
 i - a potion of brilliance {unknown}
 j - a potion of resistance {unknown}
 o - 2 potions of heal wounds {unknown}
 p - a potion of cancellation {unknown}
 z - 4 potions of curing {unknown}
 B - a potion of berserk rage {unknown}
Comestibles
 r - 2 bread rations
 u - 2 beef jerkies


   Skills:
 + Level 2.2 Fighting
 * Level 3.4 Short Blades
 + Level 2.0 Throwing
 + Level 1.4 Armour
 + Level 1.4 Dodging
 * Level 7.7 Stealth


You had 4 spell levels left.
You didn't know any spells.

Dungeon Overview and Level Annotations

Branches:
Dungeon (4/15)
 Temple: D:4-7

Altars:
Cheibriados


Innate Abilities, Weirdness & Mutations

Your natural rate of healing is unusually fast.
You can bottle blood from corpses.
You have razor-sharp teeth.
You have supernaturally acute eyesight.
You can survive without breathing.


Message History

You barely miss the adder.
The adder is almost dead.
The adder bites you but does no damage. The adder barely misses you.
You slash the adder!
You kill the adder!
Found a spear.
Found an escape hatch in the ceiling.
A giant cockroach comes into view.
An ogre comes into view. It is wielding a giant club.
The ogre shouts!
You see here a spear.
You see here a spear.
F - a spear You hit the ogre.
The ogre is lightly wounded.
The ogre hits you with a giant club!
You slash the ogre!
The ogre is heavily wounded.
The ogre hits you with a giant club!!
Ouch! That really hurt!
You die...

#........#
#....#.#.# #...
#.#.#
#....#.#.##
#.s.......#
#....#.#..###
###..#.#.#....#
.........#.##.#
.........@.<..#
##.#....O.#..#
#.#....#..#
#.#.##.# .# #
#. #.# .# #.
#.# # .. #.# ##
#.# .


You could see an ogre and a giant cockroach.

Vanquished Creatures
  A giant frog zombie (D:3)
  Jessica (D:3)
  6 adders
  2 worms
  2 giant geckos
  4 oozes
  2 orcs (D:3)
  A ball python (D:1)
  9 goblins
  8 hobgoblins
  3 kobolds
  3 quokkas
  5 bats
  A giant cockroach (D:2)
  3 giant newts
  10 rats
61 creatures vanquished.

Notes
Turn   | Place    | Note
--------------------------------------------------------------
     0 | D:1      | Tegg, the Vampire Assassin, began the quest for the Orb.
     0 | D:1      | Reached XP level 1. HP: 16/16 MP: 1/1
    10 | D:1      | Reached skill level 6 in Stealth
   148 | D:1      | Reached XP level 2. HP: 22/22 MP: 2/2
  1110 | D:2      | Reached skill level 7 in Stealth
  1112 | D:2      | Reached XP level 3. HP: 6/27 MP: 3/3
  1855 | D:2      | Found a snail-covered altar of Cheibriados.
  2022 | D:2      | Reached XP level 4. HP: 33/33 MP: 4/4
  2993 | D:3      | Noticed Jessica
  3016 | D:3      | Killed Jessica
  3242 | D:3      | Reached skill level 1 in Armour
  3242 | D:3      | Reached XP level 5. HP: 13/38 MP: 5/5
  3942 | D:4      | Noticed an ogre
  3950 | D:4      | Slain by an ogre

Action                   |  1- 3 |  4- 6 || total
-------------------------+-------+-------++-------
Melee: Dagger            |   108 |    90 ||   198
       War axe           |       |    18 ||    18
       Unarmed           |       |    16 ||    16
 Fire: Blowgun           |     1 |     1 ||     2
Throw: Stone             |    16 |    10 ||    26
 Abil: End Transformatio |       |     2 ||     2
       Bat Form          |       |     2 ||     2
  Use: Scroll            |     7 |     2 ||     9
       Potion            |     1 |    10 ||    11
 Stab: Sleeping          |     6 |     2 ||     8
  Eat: Corpse            |     2 |       ||     2
